 Dungeon Crawl Stone Soup version 0.19-a0-1384-gbb462ca (webtiles) character file.

116 PurpleRed the Conjurer (level 4, 0/24 HPs)
             Began as a Deep Elf Conjurer on Sept 3, 2016.
             Was an Initiate of Vehumet.
             Succumbed to Dowan's poison
             ... in the Ecumenical Temple.
             The game lasted 00:05:20 (553 turns).

PurpleRed the Conjurer (Deep Elf Conjurer)           Turns: 553, Time: 00:05:21

Health: 0/24       AC:  3    Str:  5    XL:     4   Next: 70%
Magic:  3/12       EV: 13    Int: 21    God:    Vehumet [......]
Gold:   103        SH:  0    Dex: 15    Spells: 2 memorised, 9 levels left

rFire  . . .     SeeInvis .     c - 2 bread rations
rCold  . . .     Gourm    .     a - +0 robe
rNeg   . . .     Faith    .     (no shield)
rPois  .         Spirit   .     f - +1 hat
rElec  .         Dismiss  .     (no cloak)
rCorr  .         Reflect  .     (no gloves)
MR     .....     Harm     .     (no boots)
Stlth  ++........               (no amulet)
                                (no ring)
                                (no ring)

@: lethally poisoned (0 -> -2)
A: no striking features
a: Renounce Religion


You were in the Ecumenical Temple.
You worshipped Vehumet.
Vehumet was noncommittal.
You were not hungry.

You visited 2 branches of the dungeon, and saw 5 of its levels.

You collected 103 gold pieces.

Inventory:

Hand Weapons
 e - a +0 spear
Armour
 a - a +0 robe (worn)
 f - a +1 hat (worn)
Scrolls
 d - a scroll of remove curse
Books
 b - a book of Conjurations

   Spells                             Type                      Level
   a - Magic Dart                     Conjuration                  1
   b - Searing Ray                    Conjuration                  2
   c - Dazzling Spray                 Conjuration/Hexes            3
   d - Fulminant Prism                Conjuration/Hexes            4
   e - Iskenderun's Mystic Blast      Conjuration                  4
   f - Iskenderun's Battlesphere      Conjuration/Charms           5
Comestibles
 c - 2 bread rations (in hand)
 g - a meat ration


   Skills:
 - Level 2.4 Dodging
 - Level 2.4 Stealth
 + Level 4.6 Spellcasting
 * Level 6.0 Conjurations


You had 9 spell levels left.
You knew the following spells:

 Your Spells              Type           Power        Failure   Level  Hunger
a - Magic Dart            Conj           ####         1%          1    None
b - Searing Ray           Conj           ####..       1%          2    #......


Dungeon Overview and Level Annotations

Branches:
Dungeon (4/15)             Temple (1/1) D:4

Altars:
Cheibriados
Dithmenos
Gozag
Hepliaklqana
Kikubaaqudgha
Makhleb
Qazlal
Ru
Sif Muna
Vehumet
The Shining One

Annotations:
D:4 Duvessa


Message History

As you read the scroll labeled ZEATIU RYPH, it crumbles to dust.
It is a scroll of identify.
You don't have any unidentified items.
You feel yourself speed up.
* * * LOW HITPOINT WARNING * * *
You feel sick.
Wield which item (- for none, * to show all)? (? for menu, Esc to quit)
c - 2 bread rations (in hand)
You swing at nothing.
You swing at nothing.
* * * LOW HITPOINT WARNING * * *
You feel sick.
You swing at nothing.
You swing at nothing.
* * * LOW HITPOINT WARNING * * *
You feel sick.
You swing at nothing.
You swing at nothing.
You swing at nothing.
You die...

#._.#...#._.#
#...+...+...#
#####...#####
#...#...#...#
#._.#...#._.#
#...+...+...#
######'######
#...#.......#
#._.+.....@.#
#...#.......#
######'######
#...+...+...#
#._.#...#._.#
#...#...#...#
#####...#####
#...+...'...#
#._.#...#._.#


There were no monsters in sight!

Vanquished Creatures
  Dowan (D:4)
  2 adders (D:2)
  A shadow imp (D:4)
  An ooze (D:4)
  An adder zombie (D:2)
  An adder skeleton (D:2)
  A dart slug (D:1)
  2 bats
  6 giant cockroaches
  2 goblins (D:2)
  3 hobgoblins
  A jackal (D:3)
  A ball python (D:1)
  A giant gecko zombie (D:2)
  A giant newt (D:2)
  A jackal zombie (D:2)
  2 kobolds (D:1)
  A quokka zombie (D:2)
  3 rats
32 creatures vanquished.

Notes
Turn   | Place    | Note
-------+----------+-------------------------------------------
     0 | D:1      | PurpleRed the Deep Elf Conjurer began the quest for the Orb.
     0 | D:1      | Reached XP level 1. HP: 10/10 MP: 6/6
    64 | D:1      | Reached XP level 2. HP: 14/15 MP: 1/8
    68 | D:1      | Learned a level 2 spell: Searing Ray
   220 | D:2      | Reached skill level 5 in Conjurations
   275 | D:2      | Reached XP level 3. HP: 18/19 MP: 1/10
   424 | D:3      | Found a shadowy altar of Dithmenos.
   451 | D:4      | Noticed Duvessa
   452 | D:4      | Noticed Dowan
   462 | D:4      | Found a staircase to the Ecumenical Temple.
   467 | Temple   | Entered the Ecumenical Temple
   508 | Temple   | Became a worshipper of Vehumet
   535 | D:4      | Reached XP level 4. HP: 10/24 MP: 8/12
   541 | D:4      | Killed Dowan
   541 | D:4      | Reached skill level 6 in Conjurations
   550 | Temple   | HP: 1/24 [poisoned by Dowan]
   553 | Temple   | Succumbed to Dowan's poison

Vault maps used:
D:1:      saegor_arrival_under_anarchy, minmay_box_of_dots
D:2:      wad_crossroads, first_bread, serial_undead, serial_undead_a,
          serial_undead_d, serial_undead_e, serial_undead_d
D:3:      eat_drink_and_be_merry_uskayaw, overflow_temple_1_default,
          nicolae_dithmenos_shadow_blocks, uniq_sigmund
D:4:      ashenzari_altar_1, xom_redecorated, minmay_lizard_king, uniq_duvessa,
          uniq_menkaure
Temple:   nicolae_temple_god_jail

Skill      XL: |  1  2  3  4 |
---------------+-------------+-----
Conjurations   | 5 6 |  6.0
Spellcasting   | 4 |  4.6
Dodging        | |  2.4
Stealth        | |  2.4

Action                   |  1- 3 |  4- 6 || total
-------------------------+-------+-------++-------
Melee: Spear             |    45 |       ||    45
 Cast: Magic Dart        |    21 |     1 ||    22
       Searing Ray       |     5 |     1 ||     6
  Use: Scroll            |     1 |     1 ||     2
Armor: Robe              |    15 |       ||    15
Dodge: Dodged            |    39 |     2 ||    41
